 Dungeon Crawl Stone Soup version 0.29-a0-1023-g6ae1a4a2c7 (webtiles) character file.

Game seed: 3078447586075399224

726 27heaven the Sneak (level 7, -2/42 HPs)
             Began as a Deep Elf Chaos Knight on Aug 11, 2022.
             Was a Plaything of Xom.
             Slain by Edmund
             ... wielding a +2 flail of protection
              (9 damage)
             ... on level 5 of the Dungeon.
             The game lasted 00:11:00 (6017 turns).

27heaven the Sneak (Deep Elf Chaos Knight)          Turns: 6017, Time: 00:11:00

Health: -2/42      AC:  4    Str:  9    XL:     7   Next: 44%
Magic:  19/19      EV: 13    Int: 19    God:    Xom [.....*]
Gold:   174        SH:  0    Dex: 14    Spells: 20/20 levels left

rFire   . . .      SeeInvis .   a - +0 short sword (chaos)
rCold   . . .      Faith    .   (no shield)
rNeg    . . .      Spirit   .   b - +2 leather armour
rPois   .          Reflect  .   (no helmet)
rElec   .          Harm     .   (no cloak)
rCorr   .          Rampage  .   l - +0 pair of gloves
Will    .....                   (no boots)
Stlth   ++++......              (no amulet)
HPRegen 0.14/turn               (no ring)
MPRegen 0.16/turn               (no ring)

@: no status effects
A: thin skeletal structure 1, clumsy 1, deformed body, mutation resistance 1,
wild magic 1, noise suppression
a: Renounce Religion


You were on level 5 of the Dungeon.
You worshipped Xom.
You were Xom's teddy bear.
You visited 1 branch of the dungeon, and saw 5 of its levels.
You also visited: Ossuary.

You collected 174 gold pieces.

Inventory:

Hand Weapons
 a - a +0 short sword of chaos (weapon)
 k - a +0 sling
 p - a +4 short sword of protection
Armour
 b - a +2 leather armour (worn)
 l - a +0 pair of gloves (worn)
Magical Staves
 h - a staff of fire
Jewellery
 r - an amulet of magic regeneration
 s - an amulet of guardian spirit
 u - a ring of fire
Scrolls
 d - 2 scrolls of blinking {unknown}
 e - 2 scrolls of torment
 f - 2 scrolls of immolation
 i - a scroll of fog {unknown}
 j - 2 scrolls of enchant weapon {unknown}
 q - a scroll of poison {unknown}
 v - a scroll of amnesia {unknown}
 w - a scroll of vulnerability {unknown}
 x - a scroll of identify {unknown}
 y - 2 scrolls of enchant armour {unknown}
 A - 2 scrolls of magic mapping {unknown}
 D - 5 scrolls of noise
 F - 3 scrolls of teleportation {unknown}
 H - a scroll of acquirement {unknown}
Potions
 g - 2 potions of might {unknown}
 m - 2 potions of lignification {unknown}
 n - a potion of cancellation {unknown}
 o - 5 potions of curing
 t - a potion of mutation {unknown}
 z - a potion of berserk rage {unknown}
 B - 3 potions of heal wounds {unknown}
 C - a potion of flight {unknown}
 E - 6 potions of degeneration
 G - a potion of brilliance {unknown}
 I - a potion of haste {unknown}
Miscellaneous
 c - a piece from Xom's chessboard (15/15) (quivered)


   Skills:
 + Level 3.8 Fighting
 - Level 4.4 Short Blades
 + Level 0.6 Staves
 - Level 0.7 Armour
 + Level 4.7 Dodging
 + Level 7.1 Stealth
 + Level 7.1 Spellcasting


You had 20 spell levels left.
You didn't know any spells.
Your spell library contained the following spells:

 Spells                   Type           Power      Damage    Failure   Level
 Silence                  Hex/Air        4%         N/A       99%         5
 Conjure Ball Lightning   Conj/Air       4%         3x3d6     100%        6
 Chain Lightning          Conj/Air       4%         3d5       100%        9


Dungeon Overview and Level Annotations

Branches:
Dungeon (5/15)            Ossuary (visited)
 Temple: D:4-7

Altars:
Dithmenos
Hepliaklqana
Qazlal
Sif Muna
Xom

Shops:
D:2 (

Annotations:
D:5 Edmund


Innate Abilities, Weirdness & Mutations

You have a somewhat thin skeletal structure. (Dex +2, Stealth+)
You are clumsy. (Dex -2)
Armour fits poorly on your strangely shaped body.
You are somewhat resistant to further mutation.
Your spells are a little harder to cast, but a little more powerful.
You passively dampen the noise of your surroundings.


Message History

The helpless Edmund fails to defend himself.
You puncture Edmund!
Edmund is heavily wounded.
Edmund hits you with a +2 flail of protection!
You hit Edmund but do no damage.
Edmund is heavily wounded.
Edmund closely misses you.
You hit Edmund but do no damage.
Edmund seems to speed up.
Xom thinks this is hilarious!
Edmund is heavily wounded.
Edmund hits you with a +2 flail of protection.
You hit Edmund but do no damage.
Edmund is heavily wounded.
Edmund says, "You wouldn't believe how much I paid for this flail."
Edmund hits you with a +2 flail of protection.
Edmund closely misses you.
You hit Edmund.
Edmund is poisoned.
Edmund is heavily wounded.
Edmund hits you with a +2 flail of protection.
You hit Edmund but do no damage.
Edmund is heavily wounded.
Edmund hits you with a +2 flail of protection.
You barely miss Edmund.
Edmund is heavily wounded.
Edmund misses you.
You hit Edmund but do no damage.
Edmund looks as sick as possible!
Edmund is heavily wounded.
Edmund completely misses you. x2
You hit Edmund but do no damage. You drain Edmund.
Edmund is severely wounded.
Edmund closely misses you.
You barely miss Edmund.
Edmund is severely wounded.
Edmund gestures with his flail.
Edmund hits you with a +2 flail of protection!
* * * LOW HITPOINT WARNING * * *
Edmund barely misses you. Edmund attacks as you move away!
Edmund hits you with a +2 flail of protection!
You die...

.##### #.#..... .#
##### #..... .# #...#
###'## .# #.#.#########
###.## .# #.#.........#
#..... .# #.#########.#
#.###. .# #.#......##.#
#.# #.
#.##.###.##.###########
#.# ## #.##.#
#.##..@@........ #.#
#....# #.##############
#.# ###### #.# #.# #.#
#.# #.# #.# #.# #.#
###########.# #.#
............# #.#
###########.# #.#


You could see Edmund (fast, very poisoned, drained).

Vanquished Creatures
  An ogre (D:5)
  A phantom (D:4)
  A scorpion (D:5)
  3 centaur zombies (Ossuary)
  A hound (D:4)
  4 mummies (Ossuary)
  6 adders
  3 gnolls (D:4)
  An ufetubus (D:4)
  A worm (D:2)
  2 dart slugs
  4 orcs
  11 endoplasms
  3 giant cockroaches
  2 gnoll zombies (Ossuary)
  5 goblins
  6 hobgoblins
  4 jackals (D:3)
  A quokka (D:2)
  10 ball pythons
  9 bats
  3 frilled lizards
  7 kobolds
  A kobold zombie (Ossuary)
  An orc zombie (Ossuary)
  10 rats
101 creatures vanquished.

Vanquished Creatures (collateral kills)
  A centaur zombie (Ossuary)
  A mummy (Ossuary)
2 creatures vanquished.

Grand Total: 103 creatures vanquished

Notes
Turn   | Place    | Note
-------+----------+-------------------------------------------
     0 | D:1      | 27heaven the Deep Elf Chaos Knight began the quest for the
                  | Orb.
     0 | D:1      | Reached XP level 1. HP: 13/13 MP: 3/3
    76 | D:1      | XOM: potion effect (experience)
    76 | D:1      | Reached XP level 2. HP: 19/19 MP: 3/9
   200 | D:1      | Found a faded altar of an unknown god.
   296 | D:1      | XOM: silly message
   493 | D:1      | XOM: silly message
   515 | D:1      | XOM: noise
   525 | D:1      | Reached XP level 3. HP: 23/24 MP: 10/10
   580 | D:1      | XOM: divination: detect creatures
   597 | D:1      | XOM: divination: detect creatures
   651 | D:1      | XOM: smoke on damage
  1347 | D:2      | XOM: silly message
  1470 | D:2      | Found Erazorhi's Weapon Shop.
  1566 | D:2      | XOM: 5-stop teleportation journey
  1759 | D:2      | XOM: give mutations
  1759 | D:2      | Gained mutation: You are clumsy. (Dex -2) [Xom's mischief]
  1759 | D:2      | Gained mutation: Armour fits poorly on your strangely
                  | shaped body. [Xom's mischief]
  1858 | D:2      | HP: 1/24 [frozen (4)]
  2131 | D:2      | Reached XP level 4. HP: 29/29 MP: 12/12
  2169 | D:2      | XOM: smoke on damage
  2299 | D:2      | XOM: god gift: scroll labelled OSOGRO EWEMIRCHA {god gift}
  2335 | D:2      | XOM: give mutation
  2335 | D:2      | Gained mutation: You have a somewhat thin skeletal
                  | structure. (Dex +2, Stealth+) [Xom's grace]
  2502 | D:3      | XOM: scenery: 1 doors open
  2691 | D:3      | XOM: divination: detect creatures
  2926 | D:3      | XOM: silly message
  3013 | D:3      | Found a shadowy altar of Dithmenos.
  3502 | D:3      | XOM: silly message
  3511 | D:4      | Noticed an ice beast
  3513 | D:4      | XOM: potion effect (might)
  3517 | D:4      | XOM: potion effect (brilliance)
  3518 | D:4      | Banished an ice beast
  3519 | D:4      | Reached skill level 5 in Stealth
  3519 | D:4      | Reached skill level 5 in Spellcasting
  3519 | D:4      | Reached XP level 5. HP: 18/33 MP: 12/14
  3714 | D:4      | XOM: silly message
  3821 | D:4      | Found a hazy altar of Hepliaklqana.
  4271 | D:4      | Reached XP level 6. HP: 25/38 MP: 16/16
  4272 | D:4      | XOM: silly message
  4286 | D:4      | Found a shimmering altar of Xom.
  4353 | D:4      | XOM: divination: detect items
  4544 | D:4      | Found a stormy altar of Qazlal.
  4559 | D:4      | XOM: silly message
  4577 | D:4      | Found a shimmering blue altar of Sif Muna.
  4686 | D:4      | XOM: give mutations
  4686 | D:4      | Gained mutation: You are somewhat resistant to further
                  | mutation. [Xom's grace]
  4686 | D:4      | Gained mutation: You passively dampen the noise of your
                  | surroundings. [Xom's grace]
  4880 | D:4      | XOM: give mutation
  4880 | D:4      | Gained mutation: Your spells are a little harder to cast,
                  | but a little more powerful. [Xom's grace]
  5100 | D:5      | Entered Level 5 of the Dungeon
  5197 | D:5      | Found a sand-covered staircase.
  5211 | Ossuary  | Entered an ossuary
  5375 | Ossuary  | XOM: scenery: 1 doors open
  5419 | Ossuary  | XOM: summons friendly shadow imp
  5423 | Ossuary  | XOM: summons friendly iron imp
  5427 | Ossuary  | XOM: smoke on damage
  5733 | Ossuary  | Reached XP level 7. HP: 42/42 MP: 18/18
  5765 | Ossuary  | XOM: 1-stop teleportation journey
  5767 | Ossuary  | XOM: scenery: 1 doors open, 4 doors close
  5790 | Ossuary  | XOM: cleaving
  5920 | D:5      | XOM: scenery: 1 doors close
  5964 | D:5      | Got the Discourse on Execration and the Lungs
  6000 | D:5      | Noticed Edmund
  6017 | D:5      | Slain by Edmund

Illustrated notes

Levels and vault maps discovered:
D:1:      ncdulo_smallfort, layout_loops_ring, basic_ecumenical_altar
D:2:      layout_basic, serial_shops, nicolae_shop_bloodbath_and_beyond
D:3:      layout_basic, nicolae_dithmenos_the_darkroom, minmay_misc_feat_room
D:4:      layout_loops_ring, grunt_temple_overflow_open, lemuel_tele_altar,
          serial_forest, infiniplex_forest_clump_long,
          infiniplex_forest_clump_medium, infiniplex_forest_end_1,
          infiniplex_forest_straight_2, minmay_hedge_maze
D:5:      kennysheep_windowed_halls, layout_basic, vehumet_crystals,
          lemuel_mausoleum_altar_kikubaaqudgha, minmay_temple_entry_wispy,
          lightli_ossuary_entry_decrepit_ruins, uniq_edmund

Skill      XL: |  1  2  3  4  5  6  7 |
---------------+----------------------+-----
Fighting       | 3 |  3.8
Short Blades   | 4 |  4.4
Dodging        | 4 |  4.7
Stealth        | 4 5 6 7 |  7.1
Spellcasting   | 4 5 6 7 |  7.1
Staves         | |  0.6
Armour         | |  0.7

Action                   |  1- 3 |  4- 6 |  7- 9 || total
-------------------------+-------+-------+-------++-------
Melee: Short sword       |   134 |   218 |    41 ||   393
       Staff             |    45 |       |       ||    45
       Punch             |     1 |       |     1 ||     2
Evoke: Piece from Xom's  |     2 |       |       ||     2
  Use: Potion            |     2 |     1 |       ||     3
       Scroll            |       |     1 |       ||     1
 Stab: Sleeping          |     9 |    14 |     6 ||    29
       Petrified         |       |     1 |       ||     1
       Distracted        |       |     1 |       ||     1
       Confused          |       |       |     1 ||     1
Armor: Leather armour    |    52 |    66 |    15 ||   133
Dodge: Dodged            |    89 |   168 |    37 ||   294

Table legend: (Time is in decaauts)
 A = Elapsed time spent in this place.
 B = Non-inter-level travel time spent in this place.
 C = Inter-level travel time spent in this place.
 D = Time resting spent in this place.
 E = Time spent auto-exploring this place.
 F = Levels seen in this place.
 G = Mean time per level.
                   A        B        C        D        E       F      G
               +--------+--------+--------+--------+--------+-----+--------+
         Total |   5976 |   5785 |    191 |    168 |   4265 |   6 |  996.0 |
       Dungeon |   5296 |   5105 |    191 |      0 |   4003 |   5 | 1059.2 |
       Ossuary |    679 |    679 |      0 |    168 |    262 |   1 |  679.0 |
               +--------+--------+--------+--------+--------+-----+--------+

Top non-repeatable levels by time:
     D:4: 1594 daAuts
     D:2: 1416 daAuts
     D:1: 1117 daAuts
     D:3: 958 daAuts
 Ossuary: 679 daAuts
     D:5: 210 daAuts
